 Dungeon Crawl Stone Soup version 0.25-b1-50-g7b83aa72e5 (webtiles) character file.

Game seed: 13410271643887701771

54 gruber the Skirmisher (level 3, -2/21 HPs)
             Began as a Vine Stalker Fighter on June 12, 2020.
             Shot with an arrow by a centaur (7 damage)
             ... on level 3 of the Dungeon.
             The game lasted 00:01:13 (1957 turns).

gruber the Skirmisher (Vine Stalker Fighter)        Turns: 1957, Time: 00:01:13

Health: -2/21      AC:  6    Str: 19    XL:     3   Next: 91%
Magic:  0/4        EV:  7    Int:  8    God:
Gold:   150        SH:  9    Dex: 13    Spells: 2/2 levels left

rFire    . . .     SeeInvis .   h - +1 spear (venom)
rCold    . . .     Gourm    .   c - +0 kite shield
rNeg     . . .     Faith    .   b - +0 scale mail
rPois    .         Spirit   +   (no helmet)
rElec    .         Reflect  .   (no cloak)
rCorr    .         Harm     .   (no gloves)
MR       .....                  (no boots)
Stlth    ..........             (no amulet)
HPRegen  0.07/turn              (no ring)
MPRegen  0.09/turn              (no ring)

@: no status effects
A: fangs 2, magic shield, antimagic bite, no potion heal 3, rot immunity
a: no special abilities


You were on level 3 of the Dungeon.
You were not hungry.

You visited 1 branch of the dungeon, and saw 3 of its levels.

You collected 150 gold pieces.

Inventory:

Hand Weapons
 a - a +0 flail
 h - a +1 spear of venom (weapon)
Missiles
 i - 5 atropa-tipped darts (quivered)
Armour
 b - a +0 scale mail (worn)
 c - a +0 kite shield (worn)
Jewellery
 r - an uncursed ring of positive energy {unknown}
Scrolls
 e - 2 scrolls of teleportation {unknown}
 g - 3 scrolls of fear {unknown}
 j - 2 scrolls of random uselessness {unknown}
 k - 2 scrolls of blinking {unknown}
 m - a scroll of magic mapping {unknown}
 n - a scroll of enchant weapon {unknown}
 o - a scroll of immolation {unknown}
 q - a scroll of fog {unknown}
 s - 2 scrolls of identify {unknown}
Potions
 d - a potion of might
 l - a potion of brilliance {unknown}
 p - a potion of degeneration {unknown}
Comestibles
 f - 7 rations


   Skills:
 * Level 4.2 Fighting
 - Level 1.7 Maces & Flails
 - Level 2.4 Armour
 - Level 2.6 Shields


You had 2 spell levels left.
You didn't know any spells.
Your spell library was empty.

Dungeon Overview and Level Annotations

Branches:
Dungeon (3/15)

Altars:
Qazlal


Innate Abilities, Weirdness & Mutations

You have extremely sharp teeth.
When hurt, damage is shared between your health and your magic reserves.
Your bite disrupts and absorbs the magic of your enemies.
Potions cannot restore your health.
You are immune to rotting.


Message History

There are monsters nearby!
The centaur shoots an arrow.
You block the arrow.
You see here an arrow.
The centaur shoots an arrow.
You block the arrow.
You see here an arrow.
Attack whom?
Press: ? - help, Dir - move target cursor, f - giant cockroach
Aim: a giant cockroach You reach to attack!
You hit the giant cockroach.
The giant cockroach is poisoned.
The giant cockroach is severely wounded.
You kill the giant cockroach!
The centaur shoots an arrow.
The arrow hits you.
The centaur shoots an arrow.
The arrow hits you!
* * * LOW HITPOINT WARNING * * *
A centaur is nearby!
A centaur is nearby!
Unknown command.
The centaur shoots an arrow.
The arrow hits you!
You die...

#.###### #.# ######
##### ###'##### ......
#...# ##.......#
......##...###........#
............##........##
............##..........
$.............#.........
####@....(...........
#....((((............
.....c............#.....
..................#.....
.......$..........#...#.
..................#...#.
..................# .
................... .
....$..##.>............


You could see a centaur.

Vanquished Creatures
  4 dart slugs
  A leopard gecko (D:2)
  7 bats
  5 giant cockroaches
  6 goblins
  4 hobgoblins
  6 kobolds
  2 quokkas (D:2)
  A ball python (D:2)
  A frilled lizard (D:1)
  6 rats
43 creatures vanquished.

Notes
Turn   | Place    | Note
-------+----------+-------------------------------------------
     0 | D:1      | gruber the Vine Stalker Fighter began the quest for the
                  | Orb.
     0 | D:1      | Reached XP level 1. HP: 11/11 MP: 2/2
   227 | D:1      | Reached skill level 3 in Fighting
   530 | D:1      | Reached XP level 2. HP: 16/16 MP: 3/3
  1183 | D:2      | Reached XP level 3. HP: 21/21 MP: 4/4
  1235 | D:2      | Found a faded altar of an unknown god.
  1375 | D:2      | Found a stormy altar of Qazlal.
  1449 | D:2      | Reached skill level 4 in Fighting
  1951 | D:3      | Noticed a centaur
  1957 | D:3      | Shot with an arrow by a centaur

Illustrated notes

Levels and vault maps discovered:
D:1:      lordsloth_arrival_two_stooges, layout_basic,
          chequers_serial_rivers_micro_d, serial_bayou_crossing
D:2:      layout_basic, nicolae_qazlal_general_emergency,
          chequers_ecumenical_altar_twisty
D:3:      minmay_diamond_boxcup, layout_basic,
          yredelemnul_forgotten_temple_becter, first_ration

Skill      XL: |  1  2  3 |
---------------+----------+-----
Fighting       | 3 4 |  4.2
Maces & Flails | |  1.7
Armour         | |  2.4
Shields        | |  2.6

Action                   || total
-------------------------++-------
Melee: Flail             ||    12
       Spear             ||   100
       Bite              ||    28
  Eat: Chunk             ||     3
Armor: Scale mail        ||    31
Dodge: Dodged            ||    25
Block: Kite shield       ||    39
